[Event "Titled Tuesday Blitz August 08 Early 2023"]
[White "Glavina, Pablo"]
[Black "Krzywda, Andrzej"]
[WhiteFideId "100234"]
[BlackFideId "1114565"]
[WhiteElo "2515"]
[BlackElo "2377"]
[Result "1-0"]
[Round "11"]
[TimeControl "180+1"]
[Date "2023.08.08"]
[WhiteClock "0:01:09"]
[BlackClock "0:00:20"]
[Board "109"]

1. e4 e5 2. Nf3 Nf6 3. d4 Nxe4 4. Bd3 d5 5. dxe5 Nc5 6. O-O Bg4 7. Nc3 Nxd3 8. Qxd3 c6 9. Bf4 Nd7 10. Rfe1 Nc5 11. Qe3 Ne6 12. Bg3 Bc5 13. Qd3 O-O 14. Rad1 Bh5 15. Ne2 Qb6 16. b3 Bg6 17. Qd2 Rad8 18. Nf4 Be4 19. Nxe6 fxe6 20. Ng5 Bf5 21. c3 h6 22. Nf3 Be4 23. b4 Be7 24. Nd4 c5 25. bxc5 Bxc5 26. h4 Bxd4 27. cxd4 Rc8 28. Rc1 Qa6 29. Qb4 Rxc1 30. Rxc1 Rf7 31. Rc8+ Kh7 32. Qd6 Bf5 33. Qd8 Kg6 34. Qe8 h5 35. Rc7 1-0


[Site "https://www.chess.com"]

[Event "Titled Tuesday Blitz August 08 Early 2023"]
[White "Pavlidou, Ekaterini"]
[Black "Gontcharov, Vladislav"]
[WhiteFideId "4213262"]
[BlackFideId "4123492"]
[WhiteElo "2338"]
[BlackElo "2515"]
[Result "1-0"]
[Round "11"]
[TimeControl "180+1"]
[Date "2023.08.08"]
[WhiteClock "0:00:51"]
[BlackClock "0:00:00"]
[Board "110"]

1. d4 Nf6 2. c4 e6 3. Nc3 Bb4 4. e3 O-O 5. Nf3 b6 6. Bd2 Bb7 7. Bd3 d6 8. a3 Bxc3 9. Bxc3 Ne4 10. Qc2 f5 11. Rg1 Nd7 12. Nd2 Ndf6 13. f3 Nxc3 14. bxc3 Qe7 15. O-O-O d5 16. Kb2 c5 17. g4 b5 18. cxb5 c4 19. Be2 Qd7 20. gxf5 exf5 21. Ka1 a6 22. b6 Bc6 23. Rb1 Rfb8 24. Rb2 Ba4 25. Qb1 a5 26. e4 fxe4 27. fxe4 Qe7 28. Bf3 Bb3 29. Rxb3 cxb3 30. Qxb3 Ra6 31. exd5 Raxb6 32. Qa2 Rb2 33. Qxb2 Rxb2 34. Kxb2 Qe3 35. Rg2 Nd7 36. d6 Nb6 37. Bc6 Kf8 38. d7 Ke7 39. Rxg7+ Kf6 40. d8=Q+ Kxg7 41. Qxb6 Qxd2+ 42. Kb3 Qd1+ 43. Kc4 Qe2+ 44. Kc5 Qxh2 45. Qa7+ Kf6 46. Qxa5 h5 47. Qd8+ Kg7 48. Qe7+ Kg6 49. Be4+ 1-0


[Site "https://www.chess.com"]

[Event "Titled Tuesday Blitz August 08 Early 2023"]
[White "Baghdasaryan, Vahe"]
[Black "Korpics, Zsolt"]
[WhiteFideId "13303139"]
[BlackFideId "705241"]
[WhiteElo "2504"]
[BlackElo "2373"]
[Result "0-1"]
[Round "11"]
[TimeControl "180+1"]
[Date "2023.08.08"]
[WhiteClock "0:00:20"]
[BlackClock "0:00:15"]
[Board "111"]

1. e4 c5 2. c3 Nf6 3. e5 Nd5 4. Nf3 e6 5. Bc4 Nb6 6. Bb3 d6 7. exd6 Bxd6 8. O-O O-O 9. d4 cxd4 10. Nxd4 Bd7 11. Nd2 Nc6 12. N2f3 e5 13. Nxc6 Bxc6 14. Ng5 h6 15. Nf3 Qf6 16. Be3 Rad8 17. Qe2 Nd5 18. Bxd5 Bxd5 19. c4 Bc6 20. Rad1 a6 21. b3 Qg6 22. Nh4 Qe6 23. g3 g5 24. Ng2 f5 25. f3 Rde8 26. c5 Bb8 27. Bf2 e4 28. f4 gxf4 29. Nxf4 Bxf4 30. gxf4 e3 31. Bg3 Qe4 32. Qc4+ Qxc4 33. bxc4 e2 34. Rfe1 exd1=Q 35. Rxd1 Rd8 36. Rb1 Rd4 37. h4 Rxc4 38. h5 Kf7 39. Bf2 Rg8+ 40. Kh2 Rxf4 41. Bg3 Rfg4 42. Rg1 f4 43. Bf2 Rxg1 44. Bxg1 Rg4 45. Bf2 Rg5 46. Kh3 Rxh5+ 47. Kg4 Rg5+ 48. Kxf4 Rg6 49. Kf5 h5 50. Ke5 Rg5+ 51. Kd6 Rd5+ 52. Kc7 Rd7+ 53. Kb6 Ke6 54. Ka7 Kf5 55. Bg3 Kg4 56. Bh2 h4 57. Bb8 Kf3 58. Bh2 h3 59. Be5 Kg2 60. Bc7 h2 61. Bb8 h1=Q 62. Ka8 Qc1 63. Ba7 Rd8+ 64. Bb8 Rxb8+ 65. Kxb8 Qxc5 66. a4 b5 67. a5 b4 68. Kc7 Bb5+ 69. Kb8 Qd6+ 70. Ka7 Qc7+ 71. Ka8 Bc6# 0-1


[Site "https://www.chess.com"]

[Event "Titled Tuesday Blitz August 08 Early 2023"]
[White "Preobrazhenska_D2011"]
[Black "Chor, Kevin"]
[BlackFideId "2090740"]
[WhiteElo "2290"]
[BlackElo "2502"]
[Result "0-1"]
[Round "11"]
[TimeControl "180+1"]
[Date "2023.08.08"]
[WhiteClock "0:00:07"]
[BlackClock "0:00:25"]
[Board "112"]

1. e4 c5 2. Nf3 Nc6 3. Bb5 e6 4. Bxc6 bxc6 5. d3 Ne7 6. O-O Ng6 7. e5 Be7 8. Nbd2 O-O 9. b3 f6 10. Bb2 fxe5 11. Nxe5 Nxe5 12. Bxe5 d6 13. Bb2 e5 14. Nc4 Bf6 15. Qe2 Bf5 16. a4 Qd7 17. h3 Rae8 18. Ne3 Be6 19. a5 Bg5 20. Qh5 Bf4 21. Qe2 Bxh3 22. gxh3 Qxh3 23. f3 Qg3+ 24. Kh1 Rf6 25. Ng4 Rf5 26. Qg2 Qh4+ 27. Kg1 h5 28. Qf2 Bg3 29. Qg2 hxg4 30. fxg4 Rg5 31. Ra4 e4 32. Rxe4 Rxe4 33. Qxe4 Qh2# 0-1


[Site "https://www.chess.com"]

[Event "Titled Tuesday Blitz August 08 Early 2023"]
[White "Villuendas Valero, Adrian"]
[Black "Willy, Stephen"]
[WhiteFideId "2262460"]
[BlackFideId "30981468"]
[WhiteElo "2327"]
[BlackElo "2500"]
[Result "1-0"]
[Round "11"]
[TimeControl "180+1"]
[Date "2023.08.08"]
[WhiteClock "0:00:10"]
[BlackClock "0:00:02"]
[Board "113"]

1. e4 e6 2. d4 d5 3. exd5 exd5 4. Bd3 Nf6 5. h3 Bd6 6. Qf3 O-O 7. Ne2 h6 8. O-O Re8 9. c3 Ne4 10. Bf4 Nd7 11. Bxd6 cxd6 12. Ng3 Ndf6 13. Rd1 Bd7 14. Nd2 Bc6 15. Ndf1 Qd7 16. Nf5 Kh7 17. Qf4 Nh5 18. Qf3 Nhf6 19. Qf4 g5 20. Qf3 Qe6 21. N1g3 Bd7 22. Re1 b5 23. a3 a5 24. Re2 h5 25. Nxh5 Rh8 26. Nxf6+ Qxf6 27. Ng3 Kg7 28. Nxe4 dxe4 29. Qxf6+ Kxf6 30. Bxe4 Rae8 31. Bf3 Rxe2 32. Bxe2 Re8 33. Kf1 d5 34. Re1 b4 35. axb4 axb4 36. Bf3 Bb5+ 37. Be2 Bd7 38. Bd3 Rb8 39. c4 dxc4 40. Bxc4 Rc8 41. b3 Ra8 42. Re5 Ra2 43. g4 Bc6 44. d5 Bd7 45. Re3 Kg7 46. d6 Kf6 47. Re7 Bc6 48. Rxf7+ Ke5 49. d7 Bf3 50. Rxf3 1-0


[Site "https://www.chess.com"]

[Event "Titled Tuesday Blitz August 08 Early 2023"]
[White "Cagara, Paulina"]
[Black "Jovic, Stanoje"]
[WhiteFideId "1124870"]
[BlackFideId "905020"]
[WhiteElo "2287"]
[BlackElo "2484"]
[Result "0-1"]
[Round "11"]
[TimeControl "180+1"]
[Date "2023.08.08"]
[WhiteClock "0:00:00"]
[BlackClock "0:00:36"]
[Board "114"]

1. e4 c6 2. d4 d5 3. exd5 cxd5 4. Bd3 Nc6 5. c3 e5 6. dxe5 Nxe5 7. Bc2 Bd6 8. Qxd5 Nf6 9. Qd1 O-O 10. Ne2 Bg4 11. f3 Bxf3 12. Bg5 Bxg2 13. Rg1 Bc6 14. Nd4 Re8 15. Kf1 Ng6 16. Nd2 Bxh2 17. Rg4 Be5 18. N2f3 Qb6 19. Bxf6 Bxf6 20. Bb3 a5 21. a4 Rad8 22. Qc2 Qa6+ 23. Kg1 Bxf3 24. Nxf3 Re2 25. Qf5 Qb6+ 26. Nd4 Rxb2 27. Bxf7+ Kxf7 28. Rf1 Qd6 29. Rg2 Rxg2+ 30. Kxg2 Qd5+ 31. Qxd5+ Rxd5 32. Nb5 Rg5+ 33. Kh3 Rh5+ 34. Kg2 Rd5 35. c4 Rd3 36. c5 Nh4+ 37. Kh2 Kg6 38. Nd6 Be5+ 39. Kh1 Rh3+ 40. Kg1 Bd4+ 41. Rf2 Rf3 42. Kh1 Rxf2 43. Ne4 Ra2 0-1


[Site "https://www.chess.com"]

[Event "Titled Tuesday Blitz August 08 Early 2023"]
[White "Yashmetov, Mikhail"]
[Black "Luxama, Jacques Muller"]
[WhiteFideId "24198900"]
[BlackFideId "11900113"]
[WhiteElo "2481"]
[BlackElo "2237"]
[Result "1-0"]
[Round "11"]
[TimeControl "180+1"]
[Date "2023.08.08"]
[WhiteClock "0:00:02"]
[BlackClock "0:00:00"]
[Board "115"]

1. d4 Nf6 2. c4 e6 3. g3 d5 4. Bg2 dxc4 5. Nf3 Bb4+ 6. Bd2 a5 7. Qc2 Bxd2+ 8. Qxd2 O-O 9. Na3 c5 10. Nxc4 cxd4 11. Qxd4 Qc7 12. O-O Nc6 13. Qb6 Qe7 14. Rfd1 a4 15. Nfe5 Ra6 16. Nxc6 bxc6 17. Qd4 c5 18. Qe5 Qa7 19. Rac1 Nd7 20. Qg5 h6 21. Qe3 Nf6 22. Rd2 Bb7 23. Bxb7 Qxb7 24. Rdc2 Ne4 25. Nd2 Ng5 26. h4 Nh7 27. Qxc5 Nf6 28. Qa3 Qd5 29. Rc8 Rxc8 30. Rxc8+ Kh7 31. Qd3+ Qxd3 32. exd3 Rd6 33. Rc3 Nd5 34. Ra3 Nb4 35. Rxa4 Nxd3 36. Ne4 Rd5 37. b4 Rd4 38. Ra3 Nxb4 39. Nc5 Rd1+ 40. Kg2 Ra1 41. Rb3 Nd5 42. Rb7 Rxa2 43. Rxf7 Kg6 44. Rf3 e5 45. Nd7 e4 46. Rf8 e3 47. Ne5+ Kh7 48. Ng4 e2 49. Re8 Nc3 50. Nh2 Ra1 51. Nf3 1-0


[Site "https://www.chess.com"]

[Event "Titled Tuesday Blitz August 08 Early 2023"]
[White "Khamdamova, Afruza"]
[Black "Mikhaylova, Irina"]
[WhiteFideId "14210444"]
[BlackFideId "4109040"]
[WhiteElo "2476"]
[BlackElo "2284"]
[Result "1-0"]
[Round "11"]
[TimeControl "180+1"]
[Date "2023.08.08"]
[WhiteClock "0:00:19"]
[BlackClock "0:00:08"]
[Board "116"]

1. e4 c5 2. Nf3 Nc6 3. d4 cxd4 4. Nxd4 e5 5. Nb5 d6 6. N1c3 a6 7. Na3 b5 8. Nd5 Nge7 9. c4 Nd4 10. Be3 Nxd5 11. exd5 Nf5 12. cxb5 Nxe3 13. fxe3 Qh4+ 14. g3 Qe4 15. bxa6 Qxh1 16. Qb3 Bxa6 17. Nb5 Rc8 18. Qa4 Bxb5 19. Qxb5+ Kd8 20. Qb6+ Kd7 21. Qb5+ Kd8 22. Qb6+ Ke8 23. Qb5+ Ke7 24. Qb7+ Kf6 25. Qxc8 Qxd5 26. Rd1 Qa5+ 27. Kf2 Qxa2 28. Kg1 Qxb2 29. Bc4 Qc3 30. Rf1+ Kg5 31. Qf5+ Kh6 32. Qh3+ Kg5 33. Rf5+ Kg6 34. Bxf7# 1-0


[Site "https://www.chess.com"]

[Event "Titled Tuesday Blitz August 08 Early 2023"]
[White "Mirzanurov, Bulat"]
[Black "Novikov, Evgenij"]
[WhiteFideId "4184521"]
[BlackFideId "4125380"]
[WhiteElo "2199"]
[BlackElo "2431"]
[Result "1/2-1/2"]
[Round "11"]
[TimeControl "180+1"]
[Date "2023.08.08"]
[WhiteClock "0:00:06"]
[BlackClock "0:00:03"]
[Board "117"]

1. e4 c5 2. Nf3 Nc6 3. Bb5 g6 4. Bxc6 dxc6 5. O-O Bg7 6. Re1 e5 7. a4 a5 8. d3 b6 9. Na3 Bg4 10. h3 Bxf3 11. Qxf3 Nf6 12. Bg5 h6 13. Bxf6 Qxf6 14. Qe3 O-O 15. Nc4 Qd8 16. Ra3 Qc7 17. Rb3 Rab8 18. Qd2 Rfd8 19. g3 h5 20. h4 Kh7 21. Kg2 Rd7 22. Qc3 Re7 23. Re2 Bh6 24. Re1 b5 25. Nxa5 Ra8 26. Nxc6 Qxc6 27. axb5 Qb6 28. Qc4 Rd7 29. Rd1 Bf8 30. Ra3 Rb8 31. Rb3 Kg7 32. Ra1 Rd4 33. Qc3 Qb7 34. Ra6 c4 35. dxc4 Qxe4+ 36. Qf3 Qxc2 37. Qf6+ Kg8 38. Rf3 Qxc4 39. Ra7 e4 40. Rf4 Qd5 41. Rxf7 e3+ 42. Rf3 exf2 43. Rxf8+ Rxf8 44. Qxf8+ Kh7 45. Qe7+ Kh6 46. Qg5+ Qxg5 47. hxg5+ Kxg5 48. Kxf2 Rb4 49. Re3 Rxb2+ 50. Kf3 Rxb5 51. Re6 Rf5+ 52. Kg2 Kh6 53. Kh3 Rg5 54. Kh4 Rg4+ 55. Kh3 Rg5 56. Kh4 Rb5 57. Kh3 Rb2 58. Re4 Kg5 59. Re5+ Kf6 60. Re4 Ra2 61. Rf4+ Ke5 62. Rb4 g5 63. Rb5+ Kf6 64. Rb6+ Kf7 65. Rb5 g4+ 66. Kh4 Rh2+ 67. Kg5 Rh3 68. Kf4 Ke6 69. Rb6+ Kd5 70. Rb5+ Kd4 71. Rg5 Kd3 72. Rf5 Ke2 73. Ra5 Kf2 74. Ra2+ Kg1 75. Ra1+ Kf2 76. Ra2+ Ke1 77. Ra1+ Kd2 78. Ra5 Rh1 79. Ra2+ Kd3 80. Ra3+ Kd4 81. Ra4+ Kc5 82. Ra5+ Kb4 83. Rf5 Rf1+ 84. Kg5 Rxf5+ 85. Kxf5 h4 86. Kxg4 hxg3 87. Kxg3 1/2-1/2


[Site "https://www.chess.com"]

[Event "Titled Tuesday Blitz August 08 Early 2023"]
[White "Toktomushev, Teimur"]
[Black "Aepfler, Christian"]
[WhiteFideId "14176726"]
[BlackFideId "4628306"]
[WhiteElo "2430"]
[BlackElo "2141"]
[Result "1-0"]
[Round "11"]
[TimeControl "180+1"]
[Date "2023.08.08"]
[WhiteClock "0:01:25"]
[BlackClock "0:01:03"]
[Board "118"]

1. d4 d6 2. e4 Nf6 3. Nc3 c6 4. Nf3 Bg4 5. Be2 Nbd7 6. h3 Bxf3 7. Bxf3 e5 8. O-O Be7 9. a4 a5 10. Ne2 O-O 11. c3 Qc7 12. Ng3 g6 13. Re1 Rfe8 14. Nf1 Bf8 15. g3 Bg7 16. Bg2 Rad8 17. h4 d5 18. exd5 Nxd5 19. Bg5 Bf6 20. Bxd5 cxd5 21. Ne3 Bxg5 22. hxg5 Nb6 23. Ng4 Nd7 24. dxe5 Qc4 25. Qd4 Qxd4 26. cxd4 Kg7 27. Rac1 Nb6 28. Rc7 Rd7 29. Nf6 1-0


[Site "https://www.chess.com"]

[Event "Titled Tuesday Blitz August 08 Early 2023"]
[White "Przybylski, Wojciech"]
[Black "Dong Khanh Linh"]
[WhiteFideId "1117599"]
[BlackFideId "12403040"]
[WhiteElo "2572"]
[BlackElo "2338"]
[Result "1-0"]
[Round "11"]
[TimeControl "180+1"]
[Date "2023.08.08"]
[WhiteClock "0:00:18"]
[BlackClock "0:00:00"]
[Board "119"]

1. d4 f5 2. c4 Nf6 3. Nc3 e6 4. Bg5 Bb4 5. Qb3 a5 6. f3 h6 7. Bd2 O-O 8. e3 d6 9. Bd3 e5 10. Nge2 c5 11. d5 Nh5 12. e4 f4 13. a3 Qh4+ 14. Kd1 Bxc3 15. Bxc3 Qf2 16. Rg1 Nd7 17. Be1 Qe3 18. Bd2 Qf2 19. Be1 Qe3 20. Rf1 b5 21. Rc1 bxc4 22. Rxc4 Rb8 23. Qc3 Nb6 24. Bd2 Nxc4 25. Qxc4 Qxd2+ 26. Kxd2 Rxb2+ 27. Kc1 Rb6 28. Qa4 Bb7 29. Qxa5 Rb3 30. Kc2 c4 31. Bxc4 Re3 32. Qb5 Rc8 33. Nc3 Nf6 34. Rb1 Rc5 35. Qa4 Ba6 36. Qxa6 Kh7 37. Rb7 1-0


[Site "https://www.chess.com"]

[Event "Titled Tuesday Blitz August 08 Early 2023"]
[White "only_strong_moves"]
[Black "Ziatdinov, Raset"]
[BlackFideId "2015323"]
[WhiteElo "2548"]
[BlackElo "2336"]
[Result "1-0"]
[Round "11"]
[TimeControl "180+1"]
[Date "2023.08.08"]
[WhiteClock "0:02:35"]
[BlackClock "0:01:57"]
[Board "120"]

1. d4 Nf6 2. c4 e6 3. Nf3 d5 4. Nc3 Be7 5. Bf4 O-O 6. e3 a6 7. cxd5 exd5 8. Be2 b6 9. O-O Bb7 10. Rc1 Nbd7 11. Ne5 Ne4 12. Nxe4 dxe4 13. Nxd7 g5 14. Bg3 f5 15. Nxf8 Qxf8 16. Rxc7 Bc8 17. Bc4+ Kh8 18. Rxe7 1-0


[Site "https://www.chess.com"]

[Event "Titled Tuesday Blitz August 08 Early 2023"]
[White "Czerw, Dawid"]
[Black "Osinovsky, Stepan"]
[WhiteFideId "1145746"]
[BlackFideId "4157354"]
[WhiteElo "2534"]
[BlackElo "2327"]
[Result "1-0"]
[Round "11"]
[TimeControl "180+1"]
[Date "2023.08.08"]
[WhiteClock "0:00:09"]
[BlackClock "0:00:00"]
[Board "121"]

1. e4 e5 2. Nf3 Nc6 3. Bb5 a6 4. Ba4 Nf6 5. d4 exd4 6. O-O Be7 7. e5 Ne4 8. Re1 Nc5 9. Bb3 d5 10. Nxd4 Nxd4 11. Qxd4 Nxb3 12. axb3 c5 13. Qf4 O-O 14. Nc3 Be6 15. Qg3 Bf5 16. Re2 f6 17. Bf4 d4 18. Ne4 Qd5 19. exf6 Bxf6 20. Nxf6+ Rxf6 21. Re7 Rg6 22. Re5 Qc6 23. Bg5 Bxc2 24. Rc1 d3 25. Qe3 h6 26. Rxc5 Qe8 27. Re5 Qxe5 28. Qxe5 Rxg5 29. Qe6+ Kh8 30. Qd7 Re5 31. f4 Re2 32. f5 Rae8 33. f6 gxf6 34. Qf7 R2e6 35. Qg7+ 1-0


[Site "https://www.chess.com"]

[Event "Titled Tuesday Blitz August 08 Early 2023"]
[White "Do Nascimento,Christian Almeida"]
[Black "Jahnz, Fabian"]
[WhiteFideId "2143801"]
[BlackFideId "4653300"]
[WhiteElo "2521"]
[BlackElo "2325"]
[Result "1-0"]
[Round "11"]
[TimeControl "180+1"]
[Date "2023.08.08"]
[WhiteClock "0:00:31"]
[BlackClock "0:00:05"]
[Board "122"]

1. e4 c6 2. d4 d5 3. Nc3 dxe4 4. Nxe4 Nf6 5. Nxf6+ exf6 6. Nf3 Bd6 7. Bd3 O-O 8. O-O Re8 9. h3 Nd7 10. c3 Nf8 11. Qc2 Be6 12. Bd2 Qd7 13. Rfe1 a5 14. Bf1 Bf5 15. Bd3 Be6 16. Bf1 Bf5 17. Qb3 a4 18. Qd1 Ng6 19. Rxe8+ Qxe8 20. Qe2 Qd7 21. Re1 Kf8 22. a3 Nf4 23. Bxf4 Bxf4 24. Qc4 b5 25. Qe2 Re8 26. Qxe8+ Qxe8 27. Rxe8+ Kxe8 28. d5 cxd5 29. Bxb5+ Ke7 30. Bxa4 Bc1 31. Nd4 Bd3 32. b4 Bxa3 33. Bb5 Bg6 34. Kf1 Kd6 35. Ke2 Bc1 36. Bd3 Bxd3+ 37. Kxd3 g6 38. c4 dxc4+ 39. Kxc4 f5 40. f3 f4 41. Ne2 Be3 42. Nc3 f5 43. Nb5+ Kc6 44. Nc3 Kd6 45. Nd5 Bc1 46. Nf6 h6 47. b5 g5 48. Nh5 Bb2 49. b6 Bh8 50. b7 Kc7 51. Kd5 Kxb7 52. Ke6 Kc7 53. Kxf5 Kd8 54. Kg6 Ke7 55. Kxh6 Bf6 56. Kg6 Bc3 57. Kxg5 Bd2 58. Kf5 Kf7 59. Nxf4 Kg7 60. g4 Kh6 61. h4 Kg7 62. g5 Kh7 63. h5 Kg7 64. Ne6+ Kg8 65. f4 Kh8 66. h6 Kh7 67. Nf8+ Kh8 68. g6 Kg8 69. Ne6 Bc3 70. Ng5 Bb2 71. Nf7 Bc3 72. Kg4 Bb2 73. f5 Bc3 74. Kf3 Bf6 75. Ke4 Bb2 76. Kd5 Bf6 77. Ke6 Bb2 78. f6 Ba1 79. h7+ 1-0


[Site "https://www.chess.com"]

[Event "Titled Tuesday Blitz August 08 Early 2023"]
[White "Hirneise, Jens"]
[Black "Zaksaite, Salomeja"]
[WhiteFideId "24614734"]
[BlackFideId "12801496"]
[WhiteElo "2489"]
[BlackElo "2322"]
[Result "1-0"]
[Round "11"]
[TimeControl "180+1"]
[Date "2023.08.08"]
[WhiteClock "0:00:12"]
[BlackClock "0:00:00"]
[Board "123"]

1. b3 e5 2. Bb2 d6 3. g3 Nf6 4. Bg2 Be7 5. c4 O-O 6. Nc3 c6 7. d4 Be6 8. Nf3 e4 9. Nd2 d5 10. e3 Nbd7 11. cxd5 cxd5 12. h3 Nb8 13. Qe2 Qd7 14. g4 Rd8 15. f4 exf3 16. Nxf3 Nc6 17. O-O Bb4 18. Ne5 Qe7 19. Nxc6 bxc6 20. Na4 a5 21. Rac1 Qb7 22. Nc5 Qb6 23. Nxe6 fxe6 24. g5 Ne4 25. Bxe4 dxe4 26. Qg4 Bd2 27. Qxe6+ Kh8 28. Rxc6 Bxe3+ 29. Kh1 Qb5 30. Rc4 Qxg5 31. Qxe4 Re8 32. Qg2 Qh6 33. d5 Ra7 34. d6 Qxd6 35. Rg4 Bh6 36. Rg1 Ree7 37. Qf3 Qd8 38. Rf1 Qa8 39. Qxa8+ Rxa8 40. Ra4 Bg5 41. Rf5 Bd2 42. Rd4 1-0


[Site "https://www.chess.com"]

[Event "Titled Tuesday Blitz August 08 Early 2023"]
[White "Afanasieva, Alexandra"]
[Black "Womacka, Mathias"]
[WhiteFideId "34126926"]
[BlackFideId "4611390"]
[WhiteElo "2307"]
[BlackElo "2487"]
[Result "0-1"]
[Round "11"]
[TimeControl "180+1"]
[Date "2023.08.08"]
[WhiteClock "0:00:11"]
[BlackClock "0:02:16"]
[Board "124"]

1. e4 c5 2. Nf3 d6 3. d4 cxd4 4. Nxd4 Nf6 5. Nc3 a6 6. Bg5 e6 7. f4 h6 8. Bh4 Qb6 9. Qd2 Qxb2 10. Rb1 Qa3 11. e5 dxe5 12. fxe5 g5 13. Bg3 Nh5 14. Bf2 Bg7 15. Ndb5 axb5 16. Nxb5 Qa5 17. Nd6+ Ke7 18. c3 Qxe5+ 0-1


[Site "https://www.chess.com"]

[Event "Titled Tuesday Blitz August 08 Early 2023"]
[White "Fajdetic, Hrvoje"]
[Black "Rottenwohrer Suarez, Juan"]
[WhiteFideId "14501945"]
[BlackFideId "32068182"]
[WhiteElo "2300"]
[BlackElo "2464"]
[Result "0-1"]
[Round "11"]
[TimeControl "180+1"]
[Date "2023.08.08"]
[WhiteClock "0:00:00"]
[BlackClock "0:00:04"]
[Board "125"]

1. f4 Nf6 2. Nf3 g6 3. d3 Bg7 4. e4 O-O 5. Be2 c5 6. O-O Nc6 7. c3 d6 8. Qe1 Ne8 9. a4 a6 10. Na3 Rb8 11. Qh4 e6 12. Qxd8 Nxd8 13. a5 d5 14. e5 Nc6 15. Be3 d4 16. cxd4 cxd4 17. Nxd4 Nxa5 18. b4 Nc6 19. b5 Nb4 20. Nb3 Nd5 21. Bc5 Nec7 22. Bxf8 Bxf8 23. bxa6 bxa6 24. Na5 Rb2 25. Bg4 Ne3 26. Bf3 Nxf1 27. Kxf1 Nb5 28. N3c4 Rc2 29. Nc6 Bc5 30. Nb4 Rf2+ 31. Ke1 Rxf3 32. gxf3 Bxb4+ 33. Kd1 Bc3 34. Rb1 Bd4 0-1


[Site "https://www.chess.com"]

[Event "Titled Tuesday Blitz August 08 Early 2023"]
[White "Rosh Jain"]
[Black "UgarteCesar"]
[WhiteFideId "25789465"]
[WhiteElo "2463"]
[BlackElo "2294"]
[Result "0-1"]
[Round "11"]
[TimeControl "180+1"]
[Date "2023.08.08"]
[WhiteClock "0:00:00"]
[BlackClock "0:00:16"]
[Board "126"]

1. e4 c5 2. Nf3 Nc6 3. d4 cxd4 4. Nxd4 Qb6 5. Nb3 Nf6 6. Nc3 e6 7. Be3 Qc7 8. Bd3 a6 9. O-O b5 10. f4 b4 11. Na4 d5 12. Nb6 Rb8 13. exd5 Rxb6 14. dxc6 Rxc6 15. Nd4 Rd6 16. Qe1 Be7 17. Nf3 O-O 18. Bd4 Rfd8 19. Be5 Qb6+ 20. Kh1 R6d7 21. Rd1 Bb7 22. Rd2 h6 23. Re2 a5 24. Qg3 a4 25. Qh3 Kf8 26. Nh4 b3 27. axb3 axb3 28. Qg3 bxc2 29. Bxc2 Rd2 30. Rfe1 Qb5 31. Rxd2 Rxd2 32. Bb1 Re2 33. Rxe2 Qxe2 34. Qd3 Qe1+ 0-1


[Site "https://www.chess.com"]

[Event "Titled Tuesday Blitz August 08 Early 2023"]
[White "slidingknight2775"]
[Black "Sariego Figueredo, Wilfredo"]
[BlackFideId "3500080"]
[WhiteElo "2454"]
[BlackElo "2292"]
[Result "1-0"]
[Round "11"]
[TimeControl "180+1"]
[Date "2023.08.08"]
[WhiteClock "0:00:19"]
[BlackClock "0:00:16"]
[Board "127"]

1. d4 d5 2. Nf3 Nf6 3. c4 c6 4. g3 a6 5. Bg2 dxc4 6. O-O e6 7. a4 Bd6 8. a5 O-O 9. Nbd2 Be7 10. Nxc4 Nbd7 11. Bf4 Nd5 12. Bd6 N7f6 13. Bxe7 Qxe7 14. Qb3 Rb8 15. e3 Bd7 16. Nfe5 Rfd8 17. Qa3 Qxa3 18. Rxa3 Be8 19. Rb3 Rdc8 20. Nd6 Rc7 21. Rc1 Ne7 22. Nd3 Nfd5 23. Nc5 Rd8 24. Ndxb7 Rb8 25. Nd6 Rd8 26. Nc4 Ra7 27. Nb6 Nc8 28. Nxc8 Rxc8 29. Bxd5 cxd5 30. Rb6 Bb5 31. f3 h6 32. Kf2 Rac7 33. Rc3 Rc6 34. Rxc6 Rxc6 35. b4 Bc4 36. Ke1 Kf8 37. Kd2 Ke7 38. Na4 Bb5 39. Rxc6 Bxc6 40. Nc5 Bb5 41. e4 Kd6 42. Ke3 g5 43. h4 gxh4 44. gxh4 f6 45. Nd3 Bxd3 46. Kxd3 dxe4+ 47. fxe4 Kc6 48. Kc4 Kd6 49. b5 axb5+ 50. Kxb5 f5 51. exf5 exf5 52. Kc4 h5 53. d5 f4 54. Kd4 f3 55. Ke3 Kxd5 56. Kxf3 Kc5 57. Kf4 Kb5 58. Kg5 Kxa5 59. Kxh5 Kb6 60. Kg6 Kc7 61. h5 Kd8 62. h6 Ke8 63. Kg7 Ke7 64. h7 1-0


[Site "https://www.chess.com"]

[Event "Titled Tuesday Blitz August 08 Early 2023"]
[White "FREDERICKtheMATE"]
[Black "GAO"]
[WhiteElo "2436"]
[BlackElo "2283"]
[Result "1-0"]
[Round "11"]
[TimeControl "180+1"]
[Date "2023.08.08"]
[WhiteClock "0:00:55"]
[BlackClock "0:00:20"]
[Board "128"]

1. Nf3 c5 2. g3 Nf6 3. Bg2 g6 4. O-O Bg7 5. b3 O-O 6. Bb2 d5 7. c4 d4 8. d3 Nc6 9. Nbd2 Bg4 10. a3 Qd7 11. b4 cxb4 12. axb4 Nxb4 13. Bxd4 Nc6 14. Bc3 Rfe8 15. Qb3 e5 16. Rfb1 b6 17. Qa4 Rad8 18. Ng5 Nd4 19. Bxd4 Qxd4 20. Ngf3 Qd6 21. Qxa7 e4 22. Rxb6 Qc5 23. d4 Qh5 24. Rb5 Qh6 25. Ng5 Rd7 26. Qb6 Bf5 27. h4 Ng4 28. e3 Nf6 29. Rba5 Qh5 30. Bf1 Qg4 31. Re1 h6 32. Be2 hxg5 33. Bxg4 Nxg4 34. hxg5 Red8 35. Rd5 Rxd5 36. cxd5 Rxd5 37. Ra1 Bd7 38. Ra5 1-0


[Site "https://www.chess.com"]

[Event "Titled Tuesday Blitz August 08 Early 2023"]
[White "Hrescak, Ivana"]
[Black "Baches Garcia, Guillermo"]
[WhiteFideId "14613441"]
[BlackFideId "2209764"]
[WhiteElo "2232"]
[BlackElo "2433"]
[Result "0-1"]
[Round "11"]
[TimeControl "180+1"]
[Date "2023.08.08"]
[WhiteClock "0:01:20"]
[BlackClock "0:00:25"]
[Board "129"]

1. e4 c5 2. Nf3 d6 3. Bb5+ Bd7 4. Bxd7+ Qxd7 5. O-O Nf6 6. Qe2 Nc6 7. c3 e6 8. d4 cxd4 9. cxd4 d5 10. e5 Ne4 11. Nbd2 Nxd2 12. Bxd2 Be7 13. g3 O-O 14. h4 Bd8 15. Kg2 Bb6 16. Bc3 Rac8 17. Rad1 Ba5 18. Qd3 h6 19. Bxa5 Nxa5 20. b3 Qc6 21. Rc1 Qd7 22. Qd2 Qb5 23. Rc3 Rc6 24. Rfc1 Rfc8 25. Rc5 Rxc5 26. Rxc5 Rxc5 27. dxc5 Nc6 28. Qc3 Qe2 29. a3 d4 30. Nxd4 Qxe5 31. Nb5 Qd5+ 32. Kh2 Ne5 33. Nd4 Qxd4 34. Qxd4 Nf3+ 35. Kg2 Nxd4 36. b4 Kf8 37. f4 Nc2 38. b5 Nxa3 39. b6 axb6 40. cxb6 Nc4 41. Kf3 Nxb6 42. Ke3 h5 43. Kd4 Nd5 44. Kc5 g6 45. Kb5 b6 46. Kc6 Ke7 47. Kb5 Kf6 48. Kc6 Kf5 0-1


[Site "https://www.chess.com"]

[Event "Titled Tuesday Blitz August 08 Early 2023"]
[White "Rios Escobar, Adan"]
[Black "LionKing2367890"]
[WhiteFideId "3403645"]
[WhiteElo "2416"]
[BlackElo "2226"]
[Result "1-0"]
[Round "11"]
[TimeControl "180+1"]
[Date "2023.08.08"]
[WhiteClock "0:00:21"]
[BlackClock "0:00:03"]
[Board "130"]

1. d4 Nf6 2. g3 e6 3. c4 d5 4. Nf3 dxc4 5. Bg2 Be7 6. O-O O-O 7. Qc2 a6 8. a4 Nbd7 9. Rd1 Rb8 10. Qxc4 b5 11. Qc2 Bb7 12. Bf4 Rc8 13. axb5 axb5 14. Ra7 Bxf3 15. Bxf3 Bd6 16. Nc3 Bxf4 17. gxf4 c6 18. Ne4 Qb6 19. Nxf6+ Nxf6 20. Qc5 Qxc5 21. dxc5 Nd5 22. e3 Rfd8 23. Rda1 Nb4 24. Re7 g6 25. Raa7 Rf8 26. Red7 Ra8 27. Rac7 Ra1+ 28. Kg2 Rb1 29. Rd2 Ra8 30. Be4 Rc1 31. Rdd7 Rf8 32. Bxc6 Rxc5 33. Be4 Rxc7 34. Rxc7 Rb8 35. h4 Kg7 36. h5 Rb6 37. h6+ Kxh6 38. Rc5 Kg7 39. Kf3 Kf6 40. Rc8 Nd5 41. Rd8 h5 42. Bxd5 exd5 43. Rxd5 Rb8 44. e4 Ke6 45. Re5+ Kf6 46. Rc5 Ke6 47. Rc6+ Ke7 48. b4 Ra8 49. Rc5 Ra3+ 50. Kg2 Ra2 51. Rxb5 Ke6 52. Rb8 Rb2 53. b5 Kf6 54. b6 Kg7 55. Kf3 Rb3+ 56. Kg2 Rb2 57. b7 Rb1 58. Kf3 Rb2 59. Kg3 Rb3+ 60. Kh4 Rb2 61. Kg5 Rb4 62. f5 Rb1 63. f6+ Kh7 64. e5 Rb5 65. f4 Rb3 66. e6 fxe6 67. f7 Rb5+ 68. Kh4 1-0


[Site "https://www.chess.com"]